General information
- name: BNet
- type: Ladder team game (AT/RT)
- host: Battle.net
- saver: team.player
map: FullScaleAssault
- players: 8
- length: 14:36
- speed: Fast
- version: 1.27 W3XP
- replay type: Public
» download(98 KB)
Players
team 1 (winner)

»
nigerplease (
blue | 78 APM | 1135 actions | 14:36)
4 Far Seer
2 Feral Spirit
2 Chain Lighting
3 Tauren Chieftain
2 Endurance Aura
1 War Stomp
3 Shadow Hunter
1 Hex
2 Healing Wave
» actions
| Assign group hotkey | 56 | |
| Basic commands | 21 | |
| Build / train | 81 | |
| Enter build submenu | 18 | |
| Enter hero's abilities submenu | 10 | |
| Give item / drop item | 1 | |
| Right click | 493 | |
| Select / deselect | 189 | |
| Select group hotkey | 223 | |
| Use ability | 43 | |
1135 total
» units
| Peon | 13 | |
| Troll Headhunter/Berserker | 14 | |
| Goblin Shredder | 1 | |
| Goblin Zeppelin | 1 | |
| Shaman | 4 | |
| Troll Witch Doctor | 4 | |
| Wind Rider | 1 | |
38 total
» upgrades
| Shaman Training | 2 | |
| Armor | 3 | |
| Ranged Weapons | 2 | |
| Witch Doctor Training | 2 | |
| Berserker Upgrade | 1 | |
| Troll Regeneration | 1 | |
| Reinforced Defenses | 1 | |
| Envenomed Spears | 1 | |
13 total
» buildings
| Orc Burrow | 5 | |
| Altar of Storms | 1 | |
| War Mill | 1 | |
| Barracks | 1 | |
| Voodoo Lounge | 1 | |
| Stronghold | 3 | |
| Great Hall | 1 | |
| Fortress | 1 | |
| Spirit Lodge | 2 | |
| Watch Tower | 2 | |
| Beastiary | 2 | |
20 total
» build order
00:18 Orc Burrow
00:34 Altar of Storms
00:49 War Mill
01:05 Barracks
01:41 Orc Burrow
02:01 Voodoo Lounge
02:55 Stronghold
02:56 Stronghold
04:15 Great Hall
04:24 Orc Burrow
05:33 Fortress
05:42 Spirit Lodge
06:52 Orc Burrow
07:06 Spirit Lodge
09:55 Watch Tower
10:40 Beastiary
10:42 Orc Burrow
10:51 Watch Tower
13:14 Beastiary
» items
| Healing Salve | 3 | |
| Tiny Great Hall | 1 | |
| Orb of Lightning | 3 | |
| Scroll of Speed | 1 | |
| Lesser Clarity Potion | 1 | |
9 total
FEED-MASTER (
red | 52 APM | 756 actions | 14:36)
2 Mountain King
1 Thunder Clap
1 Storm Bolt
» actions
| Assign group hotkey | 30 | |
| Basic commands | 49 | |
| Build / train | 66 | |
| ESC pressed | 8 | |
| Enter build submenu | 29 | |
| Enter hero's abilities submenu | 2 | |
| Give item / drop item | 1 | |
| Right click | 252 | |
| Select / deselect | 201 | |
| Select group hotkey | 59 | |
| Use ability | 59 | |
756 total
» units
» upgrades
| Masonry | 3 | |
| Gunpowder | 3 | |
| Plating | 2 | |
8 total
» buildings
| Altar of Kings | 1 | |
| Farm | 10 | |
| Arcane Vault | 1 | |
| Town Hall | 2 | |
| Lumber Mill | 3 | |
| Keep | 1 | |
| Scout Tower | 4 | |
| Guard Tower | 7 | |
| Blacksmith | 1 | |
| Castle | 1 | |
| Workshop | 6 | |
37 total
» build order
00:07 Altar of Kings
00:10 Farm
00:42 Farm
00:55 Arcane Vault
01:02 Farm
03:23 Town Hall
03:29 Lumber Mill
04:28 Keep
04:31 Scout Tower
04:35 Scout Tower
05:00 Guard Tower
05:04 Scout Tower
05:06 Guard Tower
05:10 Blacksmith
05:31 Guard Tower
05:34 Scout Tower
05:45 Lumber Mill
05:50 Lumber Mill
06:07 Guard Tower
06:11 Farm
06:27 Farm
06:50 Castle
07:15 Workshop
07:19 Workshop
07:47 Guard Tower
07:48 Guard Tower
07:52 Guard Tower
07:56 Workshop
08:02 Workshop
08:07 Workshop
08:28 Workshop
09:35 Farm
09:37 Farm
09:40 Farm
11:46 Farm
11:46 Farm
13:19 Town Hall
» items
| Scroll of Regeneration | 1 | |
| Lesser Clarity Potion | 1 | |
| Ivory Tower | 3 | |
5 total
TbowFor3BANG (
pink | 52 APM | 764 actions | 14:36)
4 Demon Hunter
2 Mana Burn
2 Evasion
3 Priestess of the Moon
2 Trueshot Aura
1 Searing Arrows
» actions
| Build / train | 52 | |
| Enter build submenu | 16 | |
| Enter hero's abilities submenu | 7 | |
| Remove unit from queue | 2 | |
| Right click | 491 | |
| Select / deselect | 174 | |
| Use ability | 22 | |
764 total
» units
» upgrades
| Corrosive Breath | 1 | |
| Reinforced Hides | 1 | |
| Strength of the Wild | 1 | |
3 total
» buildings
| Altar of Elders | 1 | |
| Moon Well | 7 | |
| Ancient of War | 1 | |
| Tree of Ages | 1 | |
| Tree of Eternity | 1 | |
| Ancient of Wind | 1 | |
| Tree of Life | 1 | |
| Chimaera Roost | 3 | |
| Hunter's Hall | 1 | |
17 total
» build order
00:11 Altar of Elders
00:25 Moon Well
01:11 Ancient of War
01:36 Moon Well
01:40 Moon Well
02:32 Tree of Ages
02:50 Moon Well
03:43 Moon Well
05:38 Tree of Eternity
06:04 Ancient of Wind
06:56 Tree of Life
08:08 Chimaera Roost
08:11 Chimaera Roost
08:15 Chimaera Roost
08:24 Moon Well
09:46 Hunter's Hall
11:08 Moon Well
» items
| Scroll of Town Portal | 1 | |
| Dust of Appearance | 1 | |
2 total

»
Imightlagout (
green | 55 APM | 806 actions | 14:36)
4 Warden
2 Fan of Knives
2 Blink
» actions
| Assign group hotkey | 12 | |
| Basic commands | 62 | |
| Build / train | 51 | |
| Enter build submenu | 24 | |
| Enter hero's abilities submenu | 4 | |
| Give item / drop item | 3 | |
| Remove unit from queue | 2 | |
| Right click | 262 | |
| Select / deselect | 238 | |
| Select group hotkey | 66 | |
| Use ability | 82 | |
806 total
» units
» upgrades
| Strength of the Wild | 1 | |
| Druid of the Talon Training | 2 | |
| Well Spring | 1 | |
4 total
» buildings
| Altar of Elders | 1 | |
| Moon Well | 7 | |
| Tree of Life | 1 | |
| Tree of Ages | 1 | |
| Hunter's Hall | 1 | |
| Ancient of Wind | 3 | |
| Tree of Eternity | 1 | |
| Ancient of Wonders | 1 | |
| Ancient Protector | 8 | |
24 total
» build order
00:26 Altar of Elders
00:38 Moon Well
01:36 Tree of Life
01:58 Moon Well
02:22 Moon Well
02:58 Moon Well
03:39 Tree of Ages
03:52 Moon Well
05:19 Hunter's Hall
06:06 Ancient of Wind
06:30 Ancient of Wind
06:47 Tree of Eternity
07:46 Ancient of Wind
07:52 Ancient of Wonders
08:01 Ancient Protector
08:02 Ancient Protector
08:21 Ancient Protector
08:43 Ancient Protector
13:05 Moon Well
13:54 Ancient Protector
13:55 Ancient Protector
13:57 Ancient Protector
13:59 Ancient Protector
14:09 Moon Well
» items
| Periapt of Vitality | 2 | |
| Circlet of Nobility | 1 | |
3 total
team 2 (loser)

»
jww (
yellow | 101 APM | 1453 actions | 14:23)
3 Blademaster
2 Wind Walk
1 Critical Strike
» actions
| Assign group hotkey | 73 | |
| Basic commands | 42 | |
| Build / train | 42 | |
| Enter build submenu | 21 | |
| Enter hero's abilities submenu | 3 | |
| Right click | 733 | |
| Select / deselect | 150 | |
| Select group hotkey | 318 | |
| Use ability | 71 | |
1453 total
» units
» upgrades
| Armor | 1 | |
| Melee Weapons | 1 | |
| Ranged Weapons | 1 | |
3 total
» buildings
| Altar of Storms | 1 | |
| Orc Burrow | 6 | |
| Barracks | 1 | |
| Voodoo Lounge | 2 | |
| War Mill | 1 | |
| Great Hall | 1 | |
| Watch Tower | 4 | |
| Stronghold | 1 | |
| Beastiary | 3 | |
20 total
» build order
00:19 Altar of Storms
00:33 Orc Burrow
01:06 Barracks
01:29 Orc Burrow
02:04 Voodoo Lounge
03:14 War Mill
04:30 Great Hall
04:44 Watch Tower
05:08 Stronghold
05:33 Orc Burrow
05:48 Watch Tower
06:33 Orc Burrow
06:34 Orc Burrow
06:54 Watch Tower
07:39 Beastiary
07:53 Beastiary
08:06 Watch Tower
08:16 Beastiary
09:12 Voodoo Lounge
11:10 Orc Burrow
» items
| Healing Salve | 2 | |
| Lesser Clarity Potion | 3 | |
5 total

»
ifoundagame (
purple | 34 APM | 400 actions | 11:39)
3 Demon Hunter
2 Immolation
1 Evasion
» actions
| Basic commands | 4 | |
| Build / train | 34 | |
| Enter build submenu | 8 | |
| Enter hero's abilities submenu | 3 | |
| Right click | 169 | |
| Select / deselect | 123 | |
| Use ability | 59 | |
400 total
» units
| Wisp | 9 | |
| Archer | 10 | |
| Goblin Shredder | 1 | |
| Hippogryph | 8 | |
28 total
» buildings
| Moon Well | 3 | |
| Altar of Elders | 1 | |
| Ancient of War | 1 | |
| Tree of Ages | 1 | |
| Tree of Eternity | 1 | |
| Ancient of Wind | 2 | |
| Tree of Life | 1 | |
10 total
» build order
00:52 Moon Well
01:06 Altar of Elders
01:25 Ancient of War
01:45 Moon Well
02:49 Tree of Ages
05:18 Tree of Eternity
05:22 Moon Well
05:26 Ancient of Wind
06:29 Tree of Life
07:06 Ancient of Wind

»
ArK-NoVa (
teal | 26 APM | 382 actions | 14:36)
3 Blademaster
2 Wind Walk
1 Critical Strike
» actions
| Basic commands | 24 | |
| Build / train | 50 | |
| Enter build submenu | 15 | |
| Enter hero's abilities submenu | 3 | |
| Give item / drop item | 1 | |
| Remove unit from queue | 1 | |
| Right click | 159 | |
| Select / deselect | 102 | |
| Use ability | 27 | |
382 total
» units
| Peon | 20 | |
| Troll Headhunter/Berserker | 14 | |
34 total
» upgrades
| Ranged Weapons | 2 | |
| Armor | 2 | |
| Spiked Barricades | 1 | |
| Troll Regeneration | 1 | |
6 total
» buildings
| Altar of Storms | 1 | |
| Barracks | 1 | |
| Orc Burrow | 5 | |
| War Mill | 1 | |
| Voodoo Lounge | 1 | |
| Great Hall | 1 | |
| Stronghold | 1 | |
| Watch Tower | 3 | |
| Beastiary | 2 | |
16 total
» build order
00:29 Altar of Storms
00:44 Barracks
00:58 Orc Burrow
01:56 Orc Burrow
02:30 War Mill
02:52 Voodoo Lounge
04:45 Orc Burrow
04:50 Orc Burrow
06:33 Great Hall
06:38 Stronghold
06:44 Orc Burrow
08:25 Watch Tower
09:36 Beastiary
09:45 Beastiary
10:56 Watch Tower
12:11 Watch Tower
» items
| Healing Salve | 2 | |
| Lesser Clarity Potion | 1 | |
| Scroll of Healing | 1 | |
4 total
team.player (
orange | 34 APM | 492 actions | 14:36)
4 Blademaster
2 Wind Walk
2 Critical Strike
» actions
| Assign group hotkey | 36 | |
| Basic commands | 22 | |
| Build / train | 25 | |
| Enter build submenu | 15 | |
| Enter hero's abilities submenu | 4 | |
| Give item / drop item | 1 | |
| Right click | 217 | |
| Select / deselect | 100 | |
| Select group hotkey | 35 | |
| Use ability | 37 | |
492 total
» units
| Peon | 8 | |
| Grunt | 4 | |
| Goblin Zeppelin | 1 | |
| Goblin Sapper | 2 | |
| Goblin Shredder | 1 | |
16 total
» buildings
| Orc Burrow | 4 | |
| Altar of Storms | 1 | |
| Barracks | 1 | |
| Voodoo Lounge | 1 | |
| Stronghold | 1 | |
| War Mill | 1 | |
| Great Hall | 1 | |
| Beastiary | 2 | |
| Watch Tower | 3 | |
15 total
» build order
01:57 Orc Burrow
02:02 Altar of Storms
02:14 Barracks
03:26 Orc Burrow
03:51 Voodoo Lounge
04:45 Stronghold
05:49 War Mill
05:52 Orc Burrow
07:01 Great Hall
07:14 Orc Burrow
08:59 Beastiary
09:00 Beastiary
09:16 Watch Tower
09:16 Watch Tower
09:17 Watch Tower
» items
| Healing Salve | 2 | |
| Scroll of Town Portal | 1 | |
3 total
Chat log
(00:06 / Allies) team.player: share
(00:14 / Allies) ifoundagame: not me
(00:16 / Allies) jww: na bro
(00:19 / Allies) team.player: it's team game
(00:41 / Allies) jww: if i need help it be differet
(00:46 / Allies) jww: but u just gona fuck me up lol
(01:03 / Allies) team.player: i'm team player
(01:13 / Allies) jww: wtf areu doing?
(01:16 / Allies) jww: why u sit there?
(01:18 / Allies) jww: wtf?
(01:32 / Allies) team.player: if u dont want to be a team, we dont even need to play
(01:32 / Allies) ifoundagame: ?
(01:40 / Allies) jww: dude
(01:47 / Allies) jww: ill share if u gone be crazy
(01:48 / Allies) ifoundagame: wow'
(01:52 / Allies) ifoundagame: cry baby?
(01:53 / Allies) jww: chill
(01:57 / Allies) jww: fuckin play ?
(02:09 / Allies) team.player: share
(02:16 / Allies) jww: just sahre with the idot
(03:56 / Allies) team.player: someone is not being a team player
(04:23 / Allies) team.player: not a team player
(07:21 / Allies) ArK-NoVa: move your tree purp
(07:37 / Allies) ifoundagame: no way[
(07:43 / Allies) ArK-NoVa: dude you didnt clear it
(07:49 / Allies) ifoundagame: its mine
(07:55 / Allies) ifoundagame: in my area to '
(07:55 / Allies) jww: oh lord
(07:57 / Allies) team.player: purple is not a team player
(07:58 / Allies) jww: here we go gain
(10:54 / Allies) jww: fuck this shit
(10:59 / Allies) jww: cmon purple
(11:03 / Allies) jww: lets merc this fucker
(11:13 / Allies) ifoundagame: he team kiill
(11:16 / Allies) ifoundagame: fuck u
(11:20 / Allies) team.player: you deserved it
(11:25 / Allies) jww: who killed u
(11:29 / Allies) ifoundagame: was my mine'
(11:34 / Allies) ifoundagame: i dont give fuk
(11:35 / Allies) ArK-NoVa: You didnt clear it
(11:56 / Allies) jww: u still dont take smoneones fucking gold mien
(12:00 / Allies) jww: and oj ur a fucking faggot
(12:01 / Allies) jww: idiot fucker
(12:12 / Allies) team.player: control share is litmus test of team player
(12:39 / Allies) team.player: I defended your hall as best I could and this is the thanks you give me?
(12:42 / Allies) team.player: ingrate
(12:46 / Allies) jww: yea fucjk u]
(12:55 / All) jww: TK allies
(12:56 / Allies) jww: Dumb fucks
(13:03 / Allies) team.player: I'm writing your name down to my TK list
(13:06 / Allies) team.player: big mistake mister
(13:07 / All) jww: OK
(13:08 / All) TbowFor3BANG: why?
(13:22 / All) team.player: they are not team players
(13:26 / All) jww: oj
(13:28 / All) jww: wants to share
(13:29 / All) jww: cotrl
(13:32 / All) jww: and wouldnt build
(13:34 / All) jww: if u dont
(13:36 / All) jww: then TEAL
(13:38 / All) jww: TKS
(13:38 / All) jww: Purple
(13:39 / All) team.player: purple tried to take teal's expo
(13:41 / All) jww: cuz of gold mine
(13:44 / All) team.player: teal cleared it
(13:45 / All) jww: its all fucked up
(13:48 / All) team.player: purple rushed his tree there
(13:49 / All) jww: Likea bunch of fucking kids on here
(13:51 / All) team.player: teal told him to cancel tree
(13:51 / All) jww: grow the fuck up
(13:53 / All) team.player: purple said no way
(13:55 / All) jww: shut the fuck up oj
(13:56 / All) nigerplease: if u cant work together in a video game yo
(13:57 / All) team.player: "it's my area"
(14:00 / All) nigerplease: life gets harder
(14:04 / Allies) jww: ITS A BUNCH OF KIDS
(14:05 / All) team.player: who do you think was in the right
(14:06 / All) TbowFor3BANG: seriously
(14:07 / All) jww: fucking idiots
(14:14 / All) jww: fuck off oj
(14:15 / All) TbowFor3BANG: just play
(14:17 / All) jww: ur a idiot little kid
(14:18 / All) team.player: I think teal had casus bellio
(14:31 / Allies) ArK-NoVa: who gives a shit
(14:35 / All) team.player: yellow and purple are simply not team players